AoeStats
← zahariev.pavel

MegaRandom

508069789Analyzed
4v4 RM · 10d ago on Sep 20, 2026· 49m 58s· 8 players
Game mode
Random Map
Map size
Large (8 player)
Population
200
Speed
Normal
Resources
Standard
Victory
Conquest
Starting age
Dark Age
Ending age
Imperial Age
RankedLock teamsTeams togetherTeam positionsShared explorationLock speedFull tech treeHidden civsTurbo modeCheats
Victory
Defeat
🇧🇬 Japanese · Bulgaria
790
+16
🇧🇬 Saracens · Bulgaria
761
+17
🇧🇬 Spanish · Bulgaria
751
+17
🇬🇧 Koreans · United Kingdom
708
+18
🇨🇳 Sicilians · China
830
-19
🇪🇸 Huns · Spain
806
-18
🇬🇧 Romans · United Kingdom
757
-16
🇲🇽 Franks · Mexico
735
-15
Benthebrit20
13:13 Feudal Age
Lex4hcf
11:24 Feudal Age
15:19 Bloodlines
16:44 Scale Barding Armor
Pastor89
4:15 Loom
11:54 Feudal Age
12:21 Double-Bit Axe
12:29 Gold Mining
13:38 Stone Mining
14:48 Man-at-Arms
18:51 Wheelbarrow
20:38 Scale Mail Armor
20:50 Forging
31:41 Castle Age
33:35 Pikeman
41:06 Squires
fjk
10:56 Feudal Age
12:21 Wheelbarrow
11:36 Double-Bit Axe
11:48 Horse Collar
13:30 Gold Mining
20:43 Castle Age
18:41 Stone Mining
21:43 Hand Cart
21:42 Bow Saw
21:37 Heavy Plow
23:47 Stone Shaft Mining
25:10 Gold Shaft Mining
28:42 Forging
28:33 Scale Mail Armor
28:27 Town Watch
31:24 Imperial Age
28:42 Loom
30:29 Iron Casting
32:20 Chain Mail Armor
33:59 Blast Furnace
32:41 Pikeman
33:24 Squires
34:58 Plate Mail Armor
34:05 Halberdier
34:33 Gambesons
35:52 Conscription
37:19 Arson
39:01 First Crusade
39:15 Scale Barding Armor
41:14 Cavalier
42:07 Bloodlines
42:25 Chain Barding Armor
zahariev.pavel
6:34 Loom
10:17 Feudal Age
11:30 Double-Bit Axe
11:44 Gold Mining
12:30 Horse Collar
14:23 Stone Mining
17:58 Horse Collar
24:41 Castle Age
23:46 Forging
26:17 Bow Saw
25:59 Fletching
26:13 Heavy Plow
27:31 Gold Shaft Mining
28:20 Wheelbarrow
35:16 Imperial Age
32:55 Bodkin Arrow
36:15 Ballistics
37:17 Bracer
37:54 Iron Casting
50:34 Scale Mail Armor
50:40 Scale Barding Armor
49:58 Elite War Wagon
svetoslavivanov1
1:52 Loom
14:32 Feudal Age
16:16 Double-Bit Axe
16:51 Horse Collar
23:09 Castle Age
29:44 Gold Mining
33:25 Imperial Age
32:05 Wheelbarrow
35:07 Chemistry
34:06 Murder Holes
37:38 Bow Saw
gruckiq
8:13 Loom
10:46 Feudal Age
12:21 Double-Bit Axe
19:20 Castle Age
24:42 Wheelbarrow
26:11 Horse Collar
27:57 Hand Cart
28:34 Town Watch
31:40 Heavy Plow
31:33 Gold Mining
37:27 Imperial Age
35:31 Scale Mail Armor
36:22 Pikeman
37:03 Squires
40:07 Conscription
40:58 Elite Samurai
41:12 Man-at-Arms
43:09 Kataparuto
43:01 Gambesons
44:40 Long Swordsman
GRaFa
0:42 Loom
5:30 Loom
13:29 Feudal Age
14:02 Double-Bit Axe
14:00 Horse Collar
20:50 Castle Age
19:00 Stone Mining
19:07 Gold Mining
20:45 Wheelbarrow
22:22 Bow Saw
24:24 Hand Cart
26:17 Bloodlines
28:16 Husbandry
32:44 Gold Shaft Mining
37:13 Imperial Age
37:33 Heavy Camel Rider
38:04 Gambesons
37:41 Man-at-Arms
38:23 Squires
38:29 Arson
38:57 Forging
38:48 Scale Mail Armor
40:17 Conscription
41:49 Two-Man Saw
40:20 Long Swordsman
41:11 Two-Handed Swordsman
42:32 Iron Casting
42:13 Chain Mail Armor
41:49 Fletching
41:58 Champion
46:23 Chemistry
46:55 Spies/Treason
Connection lost

Rejoining the realm…

Still unreachable

The connection could not be restored.

Session expired

The server has moved on; the page needs a fresh start.